Oilers vs Capitals

Created - December-22-14 at 18:08

Goals
1 2 3 T
Oilers 0 1 0 1
Capitals 2 0 1 3
Shots
1 2 3 T
Oilers 8 6 8 22
Capitals 9 12 14 35

1st period

1. Capitals , Alexander Ovechkin 24 (Ryan McDonagh, Taylor Hall) at 6:05 (PP)
2. Capitals , Jay Harrison 2 (Jiri Tlusty, Taylor Hall) at 17:03

Penalties :
Jay Harrison (WSH) for Interference (Minor) at 2:22, Marc Methot (EDM) for Tripping (Minor) at 5:30

2nd period

3. Oilers , Aleksander Barkov 4 (Nikolai Kulemin) at 15:45

Penalties :
Martin Marincin (EDM) for Holding (Minor) at 3:00, Martin Marincin (EDM) for Holding (Minor) at 8:25, Nikolai Kulemin (EDM) for Holding (Minor) at 11:56

3rd period

4. Capitals , Alexander Ovechkin 25 (Alexander Semin, David Desharnais) at 19:18 (Empty Net)

Penalties :
Ryan McDonagh (WSH) for Holding (Minor) at 13:08

Goalie Stats

Kari Lehtonen (EDM), 32 saves from 34 shots - (0.941), L, 14-13-2, 59:43 minutes
Jimmy Howard (WSH), 21 saves from 22 shots - (0.955), W, 9-10-3, 60:00 minutes

Players Stats for Oilers

Player Name              G  A  P  +/- PIM S  H  SB GA TA FO     MP     PP MP  PK MP  
------------------------------------------------------------------------------------
Aleksander Barkov        1  0  1   1  0   3  0  0  0  0  6/14   14:43   0:00   0:00 
Brad Richards            0  0  0  -1  0   1  1  0  0  0  15/23  17:18   1:55   0:00 
Brian Campbell           0  0  0  -1  0   1  0  1  0  0  0/0    19:01   2:04   3:24 
Brooks Laich             0  0  0  -1  0   0  0  0  0  0  1/1    19:58   2:03   2:10 
Chad Ruhwedel            0  0  0   0  0   0  0  0  0  0  0/0     3:58   0:00   0:00 
Charlie Coyle            0  0  0   0  0   3  5  0  0  0  2/6    20:48   2:03   0:00 
Dainius Zubrus           0  0  0  -1  0   1  5  0  0  0  16/34  22:10   2:03   4:22 
Dennis Wideman           0  0  0   0  0   2  0  3  0  0  0/0    20:53   1:54   3:08 
Drew Miller              0  0  0   0  0   1  0  1  0  0  0/0     7:35   0:00   3:56 
Jake Muzzin              0  0  0   0  0   0  4  4  0  0  0/0    20:53   1:54   3:08 
Justin Williams          0  0  0   1  0   3  0  0  0  0  1/2    15:53   0:00   1:10 
Marc Methot              0  0  0  -1  2   2  3  0  0  0  0/0    22:42   2:04   3:08 
Martin Marincin          0  0  0   0  4   0  1  1  0  0  0/0    16:22   0:00   0:16 
Mats Zuccarello          0  0  0  -1  0   1  3  0  0  0  0/0    17:18   1:55   0:00 
Mikkel Boedker           0  0  0  -2  0   1  1  0  0  0  1/2    17:57   1:55   0:00 
Nikita Kucherov          0  0  0   0  0   0  0  0  0  0  1/1     3:39   0:00   0:00 
Nikolai Kulemin          0  1  1   1  2   2  1  0  0  0  0/0    16:08   0:00   1:26 
Olli Maatta              0  0  0   0  0   1  1  2  0  0  0/0    16:08   0:00   0:00 

Players Stats for Capitals

Player Name              G  A  P  +/- PIM S  H  SB GA TA FO     MP     PP MP  PK MP  
------------------------------------------------------------------------------------
Alexander Ovechkin       2  0  2   1  0   5  5  0  0  0  2/5    22:22   4:08   0:59 
Alexander Semin          0  1  1   1  0   4  0  0  0  0  2/2    22:31   4:08   1:08 
Andrew Desjardins        0  0  0   0  0   1  2  0  0  0  12/25  17:19   2:24   2:07 
Bryce Salvador           0  0  0   1  0   1  0  0  0  0  0/0    15:34   0:00   1:44 
Cody Eakin               0  0  0   0  0   3  0  0  0  0  0/0    12:48   0:00   0:00 
Corey Potter             0  0  0   1  0   0  1  0  0  0  0/0     5:15   0:00   1:05 
Daniel Briere            0  0  0   0  0   1  2  1  0  0  4/17   19:56   0:00   0:29 
David Desharnais         0  1  1   1  0   5  0  0  0  0  15/23  21:23   4:08   0:00 
Dmitri Orlov             0  0  0  -1  0   4  0  5  0  0  0/0    17:37   3:02   0:00 
Jay Harrison             1  0  1   1  2   1  2  0  0  0  0/0    13:59   0:10   0:00 
Jiri Tlusty              0  1  1   0  0   2  0  0  0  0  1/2    17:51   2:24   1:22 
John McCarthy            0  0  0   0  0   2  0  0  0  0  2/5     5:22   0:00   0:00 
Mike Green               0  0  0   0  0   1  3  0  0  0  0/0    20:55   2:52   1:08 
Nate Guenin              0  0  0  -1  0   0  2  0  0  0  0/0    17:17   0:00   2:42 
Ryan McDonagh            0  1  1   1  2   2  2  1  0  0  0/0    25:51   3:30   1:17 
T.J. Galiardi            0  0  0   0  0   0  2  0  0  0  1/1    12:48   0:00   0:00 
Taylor Hall              0  2  2   0  0   2  1  0  0  0  1/2    19:26   3:30   1:51 
Tomas Fleischmann        0  0  0   0  0   1  1  0  0  0  0/1     7:46   2:24   0:00 

3 Stars

1 - Alexander Ovechkin (WSH)
2 - Jimmy Howard (WSH)
3 - Aleksander Barkov (EDM)

Power Play

Oilers - 0 on 2 Attempt(s) - 0.00%
Capitals - 1 on 4 Attempt(s) - 25.00%

Penalty Kill

Oilers - 3 on 4 Attempt(s) - 75.00% - Score 0 goal in Penalty Kill
Capitals - 2 on 2 Attempt(s) - 100.00% - Score 0 goal in Penalty Kill

Team Stat

Oilers - Hits : 25 - Faceoff Wins : 43 - Blocked Shots : 12 - Penalty Minutes : 8
Capitals - Hits : 23 - Faceoff Wins : 40 - Blocked Shots : 7 - Penalty Minutes : 4

Official

Referees : Tim Peel and Justin StPierre
Linesman : John Grandt and Bryan Pancich

Game Notes

Alexander Ovechkin has scored in a empty net!

Finance

Level 1 -- Attendance: 2306 (35.48%) -- Ticket Income $576,500
Level 2 -- Attendance: 1420 (28.40%) -- Ticket Income $284,000
Level 3 -- Attendance: 935 (26.71%) -- Ticket Income $163,625
Level 4 -- Attendance: 617 (23.09%) -- Ticket Income $92,550
Luxury Box -- Attendance: 405 (40.50%) -- Ticket Income $162,000
Game was played at the Verizon Center'
Total Attendance: 5683 (30.44%)
Total Ticket Income: $1,278,675
Other Income: $191,801
Total Income: $1,470,476

% Time on Ice - Oilers

Lines # - Real PCT - Wanted PCT - Time Play
Normal Forward
1 - 31% - 35% - 15:06
2 - 32% - 30% - 15:45
3 - 30% - 25% - 14:43
4 - 7% - 10% - 3:39
Normal Defense
1 - 27% - 30% - 13:16
2 - 32% - 30% - 15:51
3 - 33% - 30% - 16:08
4 - 8% - 10% - 3:58
PP Forward
1 - 48% - 60% - 1:55
2 - 52% - 40% - 2:03
PP Defense
1 - 52% - 60% - 2:04
2 - 48% - 40% - 1:54
PK Forward
1 - 67% - 60% - 4:22
2 - 33% - 40% - 2:10
PK Defense
1 - 52% - 60% - 3:24
2 - 48% - 40% - 3:08
PK3 Forward
1 - 0% - 60%
2 - 0% - 40%
PK3 Defense
1 - 0% - 60%
2 - 0% - 40%
44 Forward
1 - 0% - 60%
2 - 0% - 40%
44 Defense
1 - 0% - 60%
2 - 0% - 40%
Last Minute Offensive  - 0:17
Last Minute Defensive  - 0:00
Total
Forward - 60:00
Defense - 60:00

% Time on Ice - Capitals

Lines # - Real PCT - Wanted PCT - Time Play
Normal Forward
1 - 34% - 36% - 16:58
2 - 29% - 33% - 14:05
3 - 26% - 16% - 12:48
4 - 11% - 15% - 5:22
Normal Defense
1 - 34% - 35% - 16:55
2 - 30% - 30% - 14:35
3 - 28% - 25% - 13:50
4 - 8% - 10% - 3:53
PP Forward
1 - 63% - 60% - 4:08
2 - 37% - 40% - 2:24
PP Defense
1 - 54% - 60% - 3:30
2 - 46% - 40% - 3:02
PK Forward
1 - 71% - 60% - 2:50
2 - 29% - 40% - 1:08
PK Defense
1 - 71% - 60% - 2:50
2 - 29% - 40% - 1:08
PK3 Forward
1 - 0% - 60%
2 - 0% - 40%
PK3 Defense
1 - 0% - 60%
2 - 0% - 40%
44 Forward
1 - 0% - 60%
2 - 0% - 40%
44 Defense
1 - 0% - 60%
2 - 0% - 40%
Last Minute Offensive  - 0:00
Last Minute Defensive  - 0:17
Total
Forward - 60:00
Defense - 60:00

Play by Play

1st period


0:01 of 1st period - Brad Richards wins face-off versus Alexander Ovechkin in neutral zone.
0:03 of 1st period - Mats Zuccarello is hit by Ryan McDonagh and loses puck.
0:20 of 1st period - Shot by David Desharnais.
0:20 of 1st period - Stopped by Kari Lehtonen without a rebound.
0:21 of 1st period - Dainius Zubrus wins face-off versus Daniel Briere in Oilers zone.
0:30 of 1st period - Shot by Jiri Tlusty.
0:30 of 1st period - Stopped by Kari Lehtonen with a rebound.
1:15 of 1st period - Off-side.
1:16 of 1st period - Andrew Desjardins wins face-off versus Aleksander Barkov in neutral zone.
1:16 of 1st period - Cody Eakin is hit by Nikolai Kulemin and loses puck.
1:22 of 1st period - Icing by Jay Harrison.
1:23 of 1st period - Andrew Desjardins wins face-off versus Aleksander Barkov in Capitals zone.
1:49 of 1st period - Icing by Bryce Salvador.
1:50 of 1st period - Andrew Desjardins wins face-off versus Brad Richards in Capitals zone.
1:50 of 1st period - Andrew Desjardins is hit by Charlie Coyle.
1:57 of 1st period - T.J. Galiardi is hit by Marc Methot and loses puck.
2:22 of 1st period - Minor Penalty to Jay Harrison for Interference.
2:23 of 1st period - Taylor Hall wins face-off versus Dainius Zubrus in Capitals zone.
2:46 of 1st period - Shot by Dennis Wideman.
2:46 of 1st period - Stopped by Jimmy Howard without a rebound.
2:47 of 1st period - Brad Richards wins face-off versus Taylor Hall in Capitals zone.
4:03 of 1st period - Icing by Charlie Coyle.
4:04 of 1st period - Dainius Zubrus wins face-off versus Andrew Desjardins in Oilers zone.
4:04 of 1st period - Dainius Zubrus is hit by Taylor Hall.
4:17 of 1st period - Shot by Charlie Coyle.
4:17 of 1st period - Stopped by Jimmy Howard without a rebound.
4:18 of 1st period - Brad Richards wins face-off versus Jiri Tlusty in Capitals zone.
4:24 of 1st period - Mikkel Boedker is hit by Mike Green and loses puck.
4:53 of 1st period - Shot by Justin Williams.
4:53 of 1st period - Shot Misses the Net.
4:55 of 1st period - Shot by Justin Williams.
4:55 of 1st period - Stopped by Jimmy Howard without a rebound.
4:56 of 1st period - Brad Richards wins face-off versus John McCarthy in Capitals zone.
5:30 of 1st period - Minor Penalty to Marc Methot for Tripping.
5:31 of 1st period - Dainius Zubrus wins face-off versus David Desharnais in Oilers zone.
5:49 of 1st period - Shot by Alexander Ovechkin.
5:49 of 1st period - Stopped by Kari Lehtonen without a rebound.
5:50 of 1st period - Andrew Desjardins wins face-off versus Dainius Zubrus in Oilers zone.
5:51 of 1st period - Shot by Ryan McDonagh.
5:51 of 1st period - Stopped by Kari Lehtonen without a rebound.
5:52 of 1st period - David Desharnais wins face-off versus Dainius Zubrus in Oilers zone.
5:57 of 1st period - Shot by David Desharnais.
5:57 of 1st period - Stopped by Kari Lehtonen without a rebound.
5:58 of 1st period - David Desharnais wins face-off versus Dainius Zubrus in Oilers zone.
6:03 of 1st period - Shot by Ryan McDonagh.
6:03 of 1st period - Shot Misses the Net.
6:05 of 1st period - Shot by Alexander Ovechkin.
6:05 of 1st period - Goal by Alexander Ovechkin - Oilers : 0 - Capitals : 1.
6:06 of 1st period - David Desharnais wins face-off versus Dainius Zubrus in neutral zone.
6:48 of 1st period - Jake Muzzin is hit by Ryan McDonagh and loses puck.
6:52 of 1st period - Icing by Mike Green.
6:53 of 1st period - David Desharnais wins face-off versus Charlie Coyle in Capitals zone.
7:46 of 1st period - Shot by Justin Williams.
7:46 of 1st period - Stopped by Jimmy Howard with a rebound.
7:48 of 1st period - Shot by Marc Methot.
7:48 of 1st period - Shot Blocked by Dmitri Orlov.
7:50 of 1st period - Shot by Marc Methot.
7:50 of 1st period - Deflect By Justin Williams.
7:50 of 1st period - Shot Blocked by Dmitri Orlov.
7:52 of 1st period - Shot by Marc Methot.
7:52 of 1st period - Stopped by Jimmy Howard with a rebound.
7:54 of 1st period - Shot by Brian Campbell.
7:54 of 1st period - Shot Misses the Net.
8:20 of 1st period - Shot by Aleksander Barkov.
8:20 of 1st period - Shot Misses the Net.
8:22 of 1st period - Shot by Justin Williams.
8:22 of 1st period - Shot Blocked by Dmitri Orlov.
8:24 of 1st period - Shot by Nikolai Kulemin.
8:24 of 1st period - Shot Misses the Net.
8:26 of 1st period - Shot by Nikolai Kulemin.
8:26 of 1st period - Stopped by Jimmy Howard without a rebound.
8:27 of 1st period - Andrew Desjardins wins face-off versus Dainius Zubrus in Capitals zone.
8:37 of 1st period - Icing by Mikkel Boedker.
8:38 of 1st period - Andrew Desjardins wins face-off versus Dainius Zubrus in Oilers zone.
9:56 of 1st period - Shot by Mats Zuccarello.
9:56 of 1st period - Stopped by Jimmy Howard without a rebound.
9:57 of 1st period - Daniel Briere wins face-off versus Aleksander Barkov in Capitals zone.
12:20 of 1st period - Shot by Mats Zuccarello.
12:20 of 1st period - Shot Blocked by Ryan McDonagh.
13:01 of 1st period - Jay Harrison is hit by Jake Muzzin and loses puck.
13:31 of 1st period - Off-side.
13:32 of 1st period - Nikita Kucherov wins face-off versus Daniel Briere in neutral zone.
13:35 of 1st period - Ryan McDonagh is hit by Charlie Coyle and loses puck.
13:53 of 1st period - Icing by Daniel Briere.
13:54 of 1st period - Daniel Briere wins face-off versus Dainius Zubrus in Capitals zone.
13:54 of 1st period - Daniel Briere is hit by Dainius Zubrus.
14:15 of 1st period - Shot by Mike Green.
14:15 of 1st period - Shot Misses the Net.
14:22 of 1st period - Icing by Dennis Wideman.
14:23 of 1st period - Dainius Zubrus wins face-off versus Alexander Ovechkin in Oilers zone.
15:13 of 1st period - Alexander Semin is hit by Mats Zuccarello and loses puck.
15:25 of 1st period - Off-side.
15:26 of 1st period - Andrew Desjardins wins face-off versus Aleksander Barkov in neutral zone.
15:31 of 1st period - Shot by Cody Eakin.
15:31 of 1st period - Shot Blocked by Martin Marincin.
16:37 of 1st period - Shot by Charlie Coyle.
16:37 of 1st period - Stopped by Jimmy Howard without a rebound.
16:38 of 1st period - Dainius Zubrus wins face-off versus Daniel Briere in Capitals zone.
16:49 of 1st period - Shot by Brooks Laich.
16:49 of 1st period - Shot Blocked by Daniel Briere.
17:01 of 1st period - Shot by Jiri Tlusty.
17:01 of 1st period - Shot Misses the Net.
17:03 of 1st period - Shot by Jay Harrison.
17:03 of 1st period - Goal by Jay Harrison - Oilers : 0 - Capitals : 2.
17:04 of 1st period - Alexander Ovechkin wins face-off versus Brad Richards in neutral zone.
17:14 of 1st period - Shot by Brad Richards.
17:14 of 1st period - Shot Misses the Net.
17:41 of 1st period - Shot by Alexander Semin.
17:41 of 1st period - Shot Misses the Net.
17:48 of 1st period - Icing by Mats Zuccarello.
17:49 of 1st period - Brad Richards wins face-off versus Daniel Briere in Oilers zone.
18:07 of 1st period - Shot by Bryce Salvador.
18:07 of 1st period - Shot Blocked by Brian Campbell.
18:30 of 1st period - Shot by Bryce Salvador.
18:30 of 1st period - Stopped by Kari Lehtonen without a rebound.
18:31 of 1st period - Dainius Zubrus wins face-off versus Andrew Desjardins in Oilers zone.
18:42 of 1st period - Shot by Cody Eakin.
18:42 of 1st period - Stopped by Kari Lehtonen with a rebound.
18:52 of 1st period - Andrew Desjardins is hit by Dainius Zubrus and loses puck.
19:56 of 1st period - Off-side.
19:57 of 1st period - Daniel Briere wins face-off versus Charlie Coyle in neutral zone.
Goals for this period are 0 for Oilers vs 2 for Capitals.
Shots for this period are 8 for Oilers vs 9 for Capitals.

2nd period


0:01 of 2nd period - Charlie Coyle wins face-off versus Daniel Briere in neutral zone.
0:26 of 2nd period - Shot by Drew Miller.
0:26 of 2nd period - Stopped by Jimmy Howard without a rebound.
0:27 of 2nd period - David Desharnais wins face-off versus Dainius Zubrus in Capitals zone.
0:35 of 2nd period - Shot by Alexander Semin.
0:35 of 2nd period - Shot Misses the Net.
2:37 of 2nd period - Shot by Nikolai Kulemin.
2:37 of 2nd period - Stopped by Jimmy Howard without a rebound.
2:38 of 2nd period - Andrew Desjardins wins face-off versus Dainius Zubrus in Capitals zone.
2:38 of 2nd period - Cody Eakin is hit by Dainius Zubrus and loses puck.
2:42 of 2nd period - Jay Harrison is hit by Dainius Zubrus and loses puck.
3:00 of 2nd period - Minor Penalty to Martin Marincin for Holding.
3:01 of 2nd period - Alexander Semin wins face-off versus Dainius Zubrus in Oilers zone.
4:31 of 2nd period - Shot by David Desharnais.
4:31 of 2nd period - Stopped by Kari Lehtonen with a rebound.
4:35 of 2nd period - Shot by David Desharnais.
4:35 of 2nd period - Stopped by Kari Lehtonen without a rebound.
4:36 of 2nd period - Dainius Zubrus wins face-off versus David Desharnais in Oilers zone.
5:04 of 2nd period - Icing by Bryce Salvador.
5:05 of 2nd period - Brad Richards wins face-off versus Daniel Briere in Capitals zone.
5:05 of 2nd period - Mats Zuccarello is hit by Jay Harrison and loses puck.
5:12 of 2nd period - Bryce Salvador is hit by Mats Zuccarello and loses puck.
5:21 of 2nd period - Olli Maatta is hit by Daniel Briere and loses puck.
5:47 of 2nd period - Icing by Martin Marincin.
5:48 of 2nd period - Brad Richards wins face-off versus David Desharnais in Oilers zone.
6:26 of 2nd period - Nate Guenin is hit by Dainius Zubrus.
6:33 of 2nd period - Shot by Dainius Zubrus.
6:33 of 2nd period - Shot Misses the Net.
7:17 of 2nd period - Off-side.
7:18 of 2nd period - Aleksander Barkov wins face-off versus Tomas Fleischmann in neutral zone.
7:18 of 2nd period - Dennis Wideman is hit by Tomas Fleischmann and loses puck.
7:33 of 2nd period - Shot by Daniel Briere.
7:33 of 2nd period - Shot Blocked by Dennis Wideman.
7:35 of 2nd period - Shot by John McCarthy.
7:35 of 2nd period - Stopped by Kari Lehtonen without a rebound.
7:36 of 2nd period - Charlie Coyle wins face-off versus Andrew Desjardins in Oilers zone.
8:25 of 2nd period - Minor Penalty to Martin Marincin for Holding.
8:26 of 2nd period - David Desharnais wins face-off versus Dainius Zubrus in Oilers zone.
9:09 of 2nd period - Taylor Hall is hit by Jake Muzzin and loses puck.
9:17 of 2nd period - Icing by Ryan McDonagh.
9:18 of 2nd period - David Desharnais wins face-off versus Dainius Zubrus in Capitals zone.
9:33 of 2nd period - Off-side.
9:34 of 2nd period - Dainius Zubrus wins face-off versus Andrew Desjardins in neutral zone.
9:45 of 2nd period - Shot by Dmitri Orlov.
9:45 of 2nd period - Stopped by Kari Lehtonen with a rebound.
9:49 of 2nd period - Shot by Dmitri Orlov.
9:49 of 2nd period - Stopped by Kari Lehtonen without a rebound.
9:50 of 2nd period - Brooks Laich wins face-off versus Andrew Desjardins in Oilers zone.
9:50 of 2nd period - Dennis Wideman is hit by Andrew Desjardins and loses puck.
10:03 of 2nd period - Shot by Dmitri Orlov.
10:03 of 2nd period - Stopped by Kari Lehtonen without a rebound.
10:04 of 2nd period - Dainius Zubrus wins face-off versus Andrew Desjardins in Oilers zone.
10:15 of 2nd period - Shot by Andrew Desjardins.
10:15 of 2nd period - Shot Blocked by Jake Muzzin.
10:17 of 2nd period - Shot by Mike Green.
10:17 of 2nd period - Stopped by Kari Lehtonen without a rebound.
10:18 of 2nd period - David Desharnais wins face-off versus Dainius Zubrus in Oilers zone.
10:21 of 2nd period - Shot by Alexander Semin.
10:21 of 2nd period - Stopped by Kari Lehtonen without a rebound.
10:22 of 2nd period - Dainius Zubrus wins face-off versus David Desharnais in Oilers zone.
10:36 of 2nd period - Shot by Justin Williams.
10:36 of 2nd period - Stopped by Jimmy Howard without a rebound.
10:37 of 2nd period - Brad Richards wins face-off versus David Desharnais in Capitals zone.
10:46 of 2nd period - Dennis Wideman is hit by Alexander Ovechkin and loses puck.
10:51 of 2nd period - Shot by Alexander Semin.
10:51 of 2nd period - Shot Misses the Net.
10:55 of 2nd period - Shot by Alexander Ovechkin.
10:55 of 2nd period - Stopped by Kari Lehtonen without a rebound.
10:56 of 2nd period - Aleksander Barkov wins face-off versus Daniel Briere in Oilers zone.
11:15 of 2nd period - Off-side.
11:16 of 2nd period - Alexander Semin wins face-off versus Brad Richards in neutral zone.
11:37 of 2nd period - Icing by Mike Green.
11:38 of 2nd period - Aleksander Barkov wins face-off versus David Desharnais in Capitals zone.
11:56 of 2nd period - Minor Penalty to Nikolai Kulemin for Holding.
11:57 of 2nd period - Dainius Zubrus wins face-off versus Andrew Desjardins in Oilers zone.
12:06 of 2nd period - Shot by Ryan McDonagh.
12:06 of 2nd period - Shot Blocked by Drew Miller.
15:20 of 2nd period - Shot by Cody Eakin.
15:20 of 2nd period - Shot Misses the Net.
15:45 of 2nd period - Shot by Aleksander Barkov.
15:45 of 2nd period - Goal by Aleksander Barkov - Oilers : 1 - Capitals : 2.
15:46 of 2nd period - Dainius Zubrus wins face-off versus Alexander Ovechkin in neutral zone.
15:48 of 2nd period - Dennis Wideman is hit by Jay Harrison and loses puck.
16:00 of 2nd period - Shot by David Desharnais.
16:00 of 2nd period - Shot Misses the Net.
16:24 of 2nd period - Dennis Wideman is hit by Alexander Ovechkin and loses puck.
16:57 of 2nd period - Shot by Taylor Hall.
16:57 of 2nd period - Stopped by Kari Lehtonen without a rebound.
16:58 of 2nd period - Andrew Desjardins wins face-off versus Aleksander Barkov in Oilers zone.
17:26 of 2nd period - Icing by Brian Campbell.
17:27 of 2nd period - Justin Williams wins face-off versus David Desharnais in Oilers zone.
17:27 of 2nd period - Justin Williams is hit by Alexander Ovechkin.
17:30 of 2nd period - Brian Campbell is hit by Alexander Ovechkin and loses puck.
17:52 of 2nd period - Shot by Alexander Semin.
17:52 of 2nd period - Stopped by Kari Lehtonen without a rebound.
17:53 of 2nd period - Brad Richards wins face-off versus Daniel Briere in Oilers zone.
17:53 of 2nd period - Brad Richards is hit by Nate Guenin.
17:59 of 2nd period - Shot by Charlie Coyle.
17:59 of 2nd period - Shot Misses the Net.
18:11 of 2nd period - Shot by Jiri Tlusty.
18:11 of 2nd period - Stopped by Kari Lehtonen without a rebound.
18:12 of 2nd period - David Desharnais wins face-off versus Dainius Zubrus in Oilers zone.
18:35 of 2nd period - Shot by Dainius Zubrus.
18:35 of 2nd period - Deflect By Mikkel Boedker.
18:35 of 2nd period - Stopped by Jimmy Howard with a rebound.
19:26 of 2nd period - Shot by Brad Richards.
19:26 of 2nd period - Stopped by Jimmy Howard without a rebound.
19:27 of 2nd period - Aleksander Barkov wins face-off versus Daniel Briere in Capitals zone.
19:45 of 2nd period - Off-side.
19:46 of 2nd period - Andrew Desjardins wins face-off versus Brad Richards in neutral zone.
Goals for this period are 1 for Oilers vs 0 for Capitals.
Shots for this period are 6 for Oilers vs 12 for Capitals.

3rd period


0:01 of 3rd period - Brad Richards wins face-off versus Daniel Briere in neutral zone.
0:03 of 3rd period - Brian Campbell is hit by Mike Green and loses puck.
0:21 of 3rd period - Icing by Taylor Hall.
0:22 of 3rd period - Daniel Briere wins face-off versus Aleksander Barkov in Capitals zone.
0:31 of 3rd period - Shot by Ryan McDonagh.
0:31 of 3rd period - Shot Misses the Net.
0:39 of 3rd period - Nikolai Kulemin is hit by Daniel Briere and loses puck.
0:53 of 3rd period - Aleksander Barkov is hit by Mike Green and loses puck.
1:27 of 3rd period - Off-side.
1:28 of 3rd period - Alexander Ovechkin wins face-off versus Mikkel Boedker in neutral zone.
1:30 of 3rd period - Dmitri Orlov is hit by Martin Marincin and loses puck.
2:32 of 3rd period - Shot by Mats Zuccarello.
2:32 of 3rd period - Shot Blocked by Dmitri Orlov.
2:34 of 3rd period - Shot by Marc Methot.
2:34 of 3rd period - Stopped by Jimmy Howard without a rebound.
2:35 of 3rd period - Andrew Desjardins wins face-off versus Aleksander Barkov in Capitals zone.
2:41 of 3rd period - Jay Harrison is hit by Jake Muzzin and loses puck.
2:50 of 3rd period - Shot by Cody Eakin.
2:50 of 3rd period - Shot Blocked by Dennis Wideman.
2:52 of 3rd period - Shot by Bryce Salvador.
2:52 of 3rd period - Deflect By Andrew Desjardins.
2:52 of 3rd period - Stopped by Kari Lehtonen with a rebound.
2:54 of 3rd period - Shot by Cody Eakin.
2:54 of 3rd period - Shot Misses the Net.
2:56 of 3rd period - Shot by Bryce Salvador.
2:56 of 3rd period - Shot Blocked by Jake Muzzin.
3:02 of 3rd period - Shot by Cody Eakin.
3:02 of 3rd period - Stopped by Kari Lehtonen with a rebound.
3:11 of 3rd period - T.J. Galiardi is hit by Jake Muzzin and loses puck.
3:38 of 3rd period - Shot by Taylor Hall.
3:38 of 3rd period - Stopped by Kari Lehtonen without a rebound.
3:39 of 3rd period - John McCarthy wins face-off versus Brad Richards in Oilers zone.
4:11 of 3rd period - Shot by Tomas Fleischmann.
4:11 of 3rd period - Shot Misses the Net.
4:13 of 3rd period - Shot by Ryan McDonagh.
4:13 of 3rd period - Stopped by Kari Lehtonen without a rebound.
4:14 of 3rd period - Dainius Zubrus wins face-off versus David Desharnais in Oilers zone.
4:21 of 3rd period - Shot by Alexander Ovechkin.
4:21 of 3rd period - Shot Misses the Net.
4:23 of 3rd period - Shot by Alexander Semin.
4:23 of 3rd period - Shot Misses the Net.
4:25 of 3rd period - Shot by Nate Guenin.
4:25 of 3rd period - Shot Blocked by Olli Maatta.
4:35 of 3rd period - Shot by Alexander Semin.
4:35 of 3rd period - Shot Misses the Net.
4:37 of 3rd period - Shot by Dmitri Orlov.
4:37 of 3rd period - Stopped by Kari Lehtonen without a rebound.
4:38 of 3rd period - Andrew Desjardins wins face-off versus Charlie Coyle in Oilers zone.
7:55 of 3rd period - Shot by Cody Eakin.
7:55 of 3rd period - Stopped by Kari Lehtonen without a rebound.
7:56 of 3rd period - Brad Richards wins face-off versus John McCarthy in Oilers zone.
8:20 of 3rd period - Icing by Ryan McDonagh.
8:21 of 3rd period - Dainius Zubrus wins face-off versus John McCarthy in Capitals zone.
8:21 of 3rd period - Mikkel Boedker is hit by Corey Potter and loses puck.
8:33 of 3rd period - Ryan McDonagh is hit by Marc Methot and loses puck.
8:36 of 3rd period - Shot by Daniel Briere.
8:36 of 3rd period - Stopped by Kari Lehtonen without a rebound.
8:37 of 3rd period - David Desharnais wins face-off versus Dainius Zubrus in Oilers zone.
8:37 of 3rd period - David Desharnais is hit by Olli Maatta.
8:47 of 3rd period - Shot by Alexander Ovechkin.
8:47 of 3rd period - Stopped by Kari Lehtonen with a rebound.
8:49 of 3rd period - Shot by Alexander Ovechkin.
8:49 of 3rd period - Shot Misses the Net.
8:51 of 3rd period - Shot by Alexander Semin.
8:51 of 3rd period - Shot Misses the Net.
8:53 of 3rd period - Shot by Nate Guenin.
8:53 of 3rd period - Shot Blocked by Olli Maatta.
8:55 of 3rd period - Shot by David Desharnais.
8:55 of 3rd period - Stopped by Kari Lehtonen without a rebound.
8:56 of 3rd period - Aleksander Barkov wins face-off versus Andrew Desjardins in Oilers zone.
8:56 of 3rd period - Aleksander Barkov is hit by T.J. Galiardi.
8:59 of 3rd period - Brian Campbell is hit by T.J. Galiardi and loses puck.
9:21 of 3rd period - Shot by Cody Eakin.
9:21 of 3rd period - Shot Misses the Net.
9:30 of 3rd period - Icing by Brian Campbell.
9:31 of 3rd period - David Desharnais wins face-off versus Aleksander Barkov in Oilers zone.
9:31 of 3rd period - David Desharnais is hit by Marc Methot.
10:05 of 3rd period - Mike Green is hit by Charlie Coyle and loses puck.
10:12 of 3rd period - Shot by Ryan McDonagh.
10:12 of 3rd period - Shot Misses the Net.
10:14 of 3rd period - Shot by Alexander Semin.
10:14 of 3rd period - Shot Misses the Net.
10:18 of 3rd period - Shot by Alexander Semin.
10:18 of 3rd period - Stopped by Kari Lehtonen without a rebound.
10:19 of 3rd period - Mikkel Boedker wins face-off versus Daniel Briere in Oilers zone.
10:41 of 3rd period - Shot by Dainius Zubrus.
10:41 of 3rd period - Stopped by Jimmy Howard without a rebound.
10:42 of 3rd period - Brad Richards wins face-off versus Andrew Desjardins in Capitals zone.
10:57 of 3rd period - Shot by T.J. Galiardi.
10:57 of 3rd period - Shot Misses the Net.
10:59 of 3rd period - Shot by Bryce Salvador.
10:59 of 3rd period - Shot Misses the Net.
11:36 of 3rd period - Icing by Jay Harrison.
11:37 of 3rd period - Dainius Zubrus wins face-off versus Andrew Desjardins in Capitals zone.
12:57 of 3rd period - Shot by Olli Maatta.
12:57 of 3rd period - Stopped by Jimmy Howard with a rebound.
12:59 of 3rd period - Shot by Justin Williams.
12:59 of 3rd period - Shot Misses the Net.
13:08 of 3rd period - Minor Penalty to Ryan McDonagh for Holding.
13:09 of 3rd period - Brad Richards wins face-off versus Andrew Desjardins in Capitals zone.
13:27 of 3rd period - Icing by Jake Muzzin.
13:28 of 3rd period - Brad Richards wins face-off versus Andrew Desjardins in Oilers zone.
13:28 of 3rd period - Brad Richards is hit by Andrew Desjardins.
14:17 of 3rd period - Shot by Brian Campbell.
14:17 of 3rd period - Stopped by Jimmy Howard without a rebound.
14:18 of 3rd period - Dainius Zubrus wins face-off versus Andrew Desjardins in Capitals zone.
14:39 of 3rd period - Shot by Marc Methot.
14:39 of 3rd period - Shot Misses the Net.
15:21 of 3rd period - Shot by Aleksander Barkov.
15:21 of 3rd period - Stopped by Jimmy Howard without a rebound.
15:22 of 3rd period - John McCarthy wins face-off versus Justin Williams in Capitals zone.
15:27 of 3rd period - Shot by Tomas Fleischmann.
15:27 of 3rd period - Stopped by Kari Lehtonen with a rebound.
15:29 of 3rd period - Shot by Daniel Briere.
15:29 of 3rd period - Shot Blocked by Jake Muzzin.
15:31 of 3rd period - Shot by Tomas Fleischmann.
15:31 of 3rd period - Shot Misses the Net.
15:33 of 3rd period - Shot by John McCarthy.
15:33 of 3rd period - Stopped by Kari Lehtonen with a rebound.
15:35 of 3rd period - Shot by Corey Potter.
15:35 of 3rd period - Shot Blocked by Jake Muzzin.
15:37 of 3rd period - Shot by Ryan McDonagh.
15:37 of 3rd period - Shot Misses the Net.
15:39 of 3rd period - Shot by Ryan McDonagh.
15:39 of 3rd period - Shot Blocked by Dennis Wideman.
16:26 of 3rd period - Olli Maatta is hit by Alexander Ovechkin.
16:34 of 3rd period - Jay Harrison is hit by Charlie Coyle.
17:01 of 3rd period - Shot by Charlie Coyle.
17:01 of 3rd period - Shot Blocked by Dmitri Orlov.
17:22 of 3rd period - Icing by Dmitri Orlov.
17:23 of 3rd period - T.J. Galiardi wins face-off versus Dainius Zubrus in Capitals zone.
17:35 of 3rd period - Shot by T.J. Galiardi.
17:35 of 3rd period - Shot Misses the Net.
18:17 of 3rd period - Shot by Dennis Wideman.
18:17 of 3rd period - Stopped by Jimmy Howard without a rebound.
18:18 of 3rd period - David Desharnais wins face-off versus Brad Richards in Capitals zone.
18:18 of 3rd period - David Desharnais is hit by Charlie Coyle.
18:21 of 3rd period - Icing by Alexander Ovechkin.
18:22 of 3rd period - David Desharnais wins face-off versus Brad Richards in Capitals zone.
18:22 of 3rd period - David Desharnais is hit by Mats Zuccarello.
18:34 of 3rd period - Shot by Alexander Semin.
18:34 of 3rd period - Stopped by Kari Lehtonen without a rebound.
18:35 of 3rd period - Aleksander Barkov wins face-off versus Daniel Briere in Oilers zone.
18:35 of 3rd period - Aleksander Barkov is hit by Nate Guenin.
19:01 of 3rd period - Oilers, Kari Lehtonen is pulled from the net.
19:01 of 3rd period - Shot by Aleksander Barkov.
19:01 of 3rd period - Stopped by Jimmy Howard without a rebound.
19:02 of 3rd period - David Desharnais wins face-off versus Brad Richards in Capitals zone.
19:02 of 3rd period - David Desharnais is hit by Mikkel Boedker.
19:07 of 3rd period - Corey Potter is hit by Brad Richards and loses puck.
19:16 of 3rd period - Shot by Alexander Semin.
19:16 of 3rd period - Shot Misses the Net.
19:18 of 3rd period - Shot by Alexander Ovechkin.
19:18 of 3rd period - Goal by Alexander Ovechkin - Oilers : 1 - Capitals : 3.
19:18 of 3rd period - Kari Lehtonen from Oilers was sent back in the game.
19:19 of 3rd period - Jiri Tlusty wins face-off versus Charlie Coyle in neutral zone.
19:42 of 3rd period - Shot by Charlie Coyle.
19:42 of 3rd period - Stopped by Jimmy Howard without a rebound.
19:43 of 3rd period - David Desharnais wins face-off versus Dainius Zubrus in Capitals zone.
19:54 of 3rd period - Off-side.
19:55 of 3rd period - Brad Richards wins face-off versus Daniel Briere in neutral zone.
Goals for this period are 0 for Oilers vs 1 for Capitals.
Shots for this period are 8 for Oilers vs 14 for Capitals.


Output by the SimonT Hockey Simulator (STHS) for Stephane Roy -- Original Page W3C XHTML 1.0 Valid
Hockey Simulator - Hockey Simulation - Hockey Manager